 Dungeon Crawl Stone Soup version 0.30-a0-557-ge2afbf3030 (webtiles) character file.

Game seed: 1243954045865317397

142 Shayle the Conjurer (level 5, -2/32 HPs)
             Began as a Tengu Reaver on Dec 27, 2022.
             Slain by a gnoll
             ... wielding a +0 whip
              (6 damage)
             ... on level 3 of the Dungeon.
             The game lasted 00:05:26 (2272 turns).

Shayle the Conjurer (Tengu Reaver)                  Turns: 2272, Time: 00:05:26

Health: -2/32      AC:  4    Str: 12    XL:     5   Next: 25%
Magic:  10/10      EV: 14    Int: 16    God:
Gold:   122        SH:  0    Dex: 12    Spells: 8/9 levels left

rFire   . . .      SeeInvis .    f - +0 long sword
rCold   . . .      Faith    .    (no shield)
rNeg    . . .      Spirit   .    b - +0 leather armour
rPois   .          Reflect  .    (helmet restricted)
rElec   .          Harm     .    (no cloak)
rCorr   .          Rampage  .    j - +0 pair of gloves
Will    .....                    (boots unavailable)
Stlth   +                        (no amulet)
HPRegen 0.25/turn                (no ring)
MPRegen 0.12/turn                (no ring)

@: about to teleport, attractive, flying quickly and evasively, quick
A: beak, talons 3, nimble flight
a: no special abilities


You were on level 3 of the Dungeon.
You visited 1 branch of the dungeon, and saw 3 of its levels.

You collected 122 gold pieces.

Inventory:

Hand Weapons
 a - a +0 spear
 f - a +0 long sword (weapon)
Missiles
 l - 2 throwing nets
Armour
 b - a +0 leather armour (worn)
 j - a +0 pair of gloves (worn)
Jewellery
 c - a ring of flight
Wands
 m - a wand of charming (8)
Scrolls
 d - a scroll of fear {unknown}
 e - a scroll of vulnerability {unknown}
 g - a scroll of teleportation
 h - a scroll of magic mapping {unknown}
 i - 2 scrolls of acquirement {unknown}
 k - a scroll of identify {unknown}
Potions
 n - a potion of brilliance
 o - a potion of attraction


   Skills:
 + Level 2.9 Fighting
 + Level 4.1 Polearms
 + Level 3.2 Dodging
 + Level 2.7 Spellcasting
 + Level 4.9 Conjurations


You had 8 spell levels left.
You knew the following spells:

 Your Spells              Type           Power      Damage    Failure   Level
a - Kiss of Death         Conj/Necr      40%        2d8       9%          1

Your spell library contained the following spells:

 Spells                   Type           Power      Damage    Failure   Level
 Momentum Strike          Conj/Tloc      20%        3d8       13%         2
 Slow                     Hex            8%         N/A       24%         1
 Hailstorm                Conj/Ice       10%        3d5       26%         3
 Cigotuvi's Dreadful Rot  Necr/Pois/Air  4%         N/A       36%         2
 Confusing Touch          Hex            2%         N/A       58%         3
 Vampiric Draining        Necr           2%         2d6       58%         3
 Dispel Undead            Necr           2%         3d7       94%         4
 Death Channel            Necr           1%         N/A       100%        6


Dungeon Overview and Level Annotations

Branches:
Dungeon (3/15)

Altars:


Innate Abilities, Weirdness & Mutations

You have a beak for a mouth.
You have claws for feet.
Your magical nature lets you fly swiftly and evasively.


Message History

The gnoll is lightly wounded.
The gnoll hits you with a +0 club.
You barely miss the gnoll. Your kick misses the gnoll.
The gnoll is lightly wounded.
The endoplasm freezes you.
You are frozen.
A gnoll comes into view. It is wielding a +0 whip.
The gnoll hits you with a +0 club! The endoplasm freezes you.
You are frozen.
The gnoll hits you with a +0 club!
* * * LOW HITPOINT WARNING * * *
The gnoll shouts!
You hit the gnoll. You claw the gnoll, but do no damage.
The gnoll is severely wounded.
The endoplasm hits you but does no damage.
The gnoll barely misses you.
It was a potion of attraction.
You feel attractive to monsters. The endoplasm freezes you.
You are frozen.
* * * LOW HITPOINT WARNING * * *
The gnoll barely misses you. The gnoll is attracted toward you.
As you read the scroll labelled IMUUMOUTUI, it crumbles to dust.
You feel strangely unstable.
It was a scroll of teleportation.
The endoplasm hits you but does no damage.
Okay, then.
Aiming: Charm
Press: ? - help, Shift-Dir - straight line, f - endoplasm
Aim: an endoplasm (chance to affect: 66%)
The endoplasm struggles to resist.
The endoplasm hits you but does no damage.
Aiming: Charm
Press: ? - help, Shift-Dir - straight line, f - gnoll, p - endoplasm
Aim: a gnoll, wielding a +0 whip (chance to affect: 57%)
The gnoll resists with significant effort.
The endoplasm freezes you.
You are frozen.
* * * LOW HITPOINT WARNING * * *
The gnoll closely misses you. The gnoll hits you with a +0 whip.
You die...

.............##.#..##.#..
...........##....##....##
...>.......# .##.#..##.#.
............# ##..#.##..#
...........##.. #....##
..##...ยง.#...# #..#.##..
...####.###..##.# ##.#..
......gg..##.... #....##
#J@###..# #..##.#.
#.....#.##..#.##..#
#####...##....##....##
...<......#.##(.#.##..
#######...##.#..##.#..
##.##....##....##
#..#..##.#..##.#.
#.#.#.##..#.##..#
#######.###....##....##


You could see 2 gnolls and an endoplasm.

Vanquished Creatures
  3 adders (D:2)
  5 gnolls
  4 dart slugs
  2 endoplasms
  4 giant cockroaches (D:2)
  2 goblins (D:1)
  7 hobgoblins
  10 jackals
  5 kobolds
  A quokka (D:1)
  7 ball pythons
  2 bats
  A frilled lizard (D:1)
  2 rats
55 creatures vanquished.

Notes
Turn   | Place    | Note
-------+----------+-------------------------------------------
     0 | D:1      | Shayle the Tengu Reaver began the quest for the Orb.
     0 | D:1      | Reached XP level 1. HP: 12/12 MP: 4/4
   124 | D:1      | Reached XP level 2. HP: 5/17 MP: 6/6
   498 | D:1      | Reached XP level 3. HP: 13/21 MP: 7/7
  1305 | D:2      | Reached XP level 4. HP: 27/27 MP: 8/8
  1836 | D:2      | HP: 1/25 [gnoll/+0 spear (7)]
  2071 | D:2      | Gained mutation: Your magical nature lets you fly swiftly
                  | and evasively. [Tengu growth]
  2071 | D:2      | Reached XP level 5. HP: 27/32 MP: 8/10
  2272 | D:3      | Slain by a gnoll

Illustrated notes

Levels and vault maps discovered:
D:1:      minmay_arrival_four_circles, layout_basic, roderic_lattice_a,
          roderic_cross_of_infinity
D:2:      layout_rooms, chequers_arboretum, minmay_misc_feat_diagonals,
          kennysheep_crisscross
D:3:      layout_rooms, nicolae_eternal_life

Skill      XL: |  1  2  3  4 |
---------------+-------------+-----
Dodging        | 3 |  3.2
Polearms       | 4 |  4.1
Fighting       | |  2.9
Spellcasting   | |  2.7
Conjurations   | |  4.9

Action                   |  1- 3 |  4- 6 || total
-------------------------+-------+-------++-------
Melee: Spear             |    30 |       ||    30
       Kick              |    20 |    21 ||    41
       Peck              |    14 |    13 ||    27
       Long sword        |    68 |    75 ||   143
       Punch             |     2 |       ||     2
 Cast: Kiss of Death     |       |     1 ||     1
Evoke: Wand              |       |     2 ||     2
  Use: Potion            |       |     2 ||     2
       Scroll            |       |     1 ||     1
Armor: Leather armour    |    27 |    23 ||    50
Dodge: Dodged            |    86 |    62 ||   148

Table legend: (Time is in decaauts)
 A = Elapsed time spent in this place.
 B = Non-inter-level travel time spent in this place.
 C = Inter-level travel time spent in this place.
 D = Time resting spent in this place.
 E = Time spent auto-exploring this place.
 F = Levels seen in this place.
 G = Mean time per level.
                   A        B        C        D        E       F      G
               +--------+--------+--------+--------+--------+-----+--------+
         Total |   2315 |   2220 |     95 |    566 |   1002 |   3 |  771.7 |
       Dungeon |   2315 |   2220 |     95 |    566 |   1002 |   3 |  771.7 |
               +--------+--------+--------+--------+--------+-----+--------+

Top non-repeatable levels by time:
     D:1: 1220 daAuts
     D:2: 955 daAuts
     D:3: 140 daAuts
